 Dungeon Crawl Stone Soup version 0.16.2-12-gd0ad4c3 (webtiles) character file.

137 carl the Digger (level 5, 33/42 HPs)
             Began as a Deep Dwarf Earth Elementalist on Nov 1, 2015.
             Quit the game in the Ecumenical Temple.
             The game lasted 00:07:12 (2757 turns).

carl the Digger (Deep Dwarf Earth Elementalist)     Turns: 2757, Time: 00:07:12

Health: 33/42      AC:  7    Str: 12    XL:     5   Next: 0%
Magic:  7/7        EV: 11    Int: 16    God:
Gold:   122        SH:  0    Dex: 13    Spells: 1 memorised, 6 levels left

rFire  . . .     SeeInvis .     g - +0 hand axe
rCold  . . .     Clarity  .     e - +1 ring mail {rPois}
rNeg   . . .     SustAb   .     (no shield)
rPois  +         Gourm    .     (no helmet)
rElec  .         Spirit   .     (no cloak)
rCorr  .         Warding  .     (no gloves)
rMut   .         Stasis   .     r - +0 pair of boots
MR     .....                    o - amulet of inaccuracy (curse)
Stlth  +.........               (no ring)
                                (no ring)

@: non-regenerating, not resistant to hostile enchantments, very unstealthy
A: damage resistance, recharge devices, sense surroundings 1, slow healing 3
a: Device Recharging


You were in the Ecumenical Temple.
You were very hungry.

You visited 2 branches of the dungeon, and saw 5 of its levels.

You collected 122 gold pieces.

Inventory:

Hand weapons
 g - a +0 hand axe (weapon)
Missiles
 b - 60 stones (quivered)
Armour
 c - a +0 robe
 e - a +1 ring mail of poison resistance (worn)
 r - a +0 pair of boots (worn)
Magical staves
 h - an uncursed staff of summoning
Jewellery
 o - a cursed amulet of inaccuracy (around neck)
Magical devices
 a - a wand of heal wounds (3)
 i - a wand of random effects (26)
Scrolls
 p - 2 scrolls of teleportation
 s - a scroll of blinking {unknown}
Potions
 l - a potion of resistance {unknown}
 m - a potion of agility {unknown}
 q - a potion of haste
Books
 d - a book of Geomancy

   Spells                             Type                      Level
   a - Sandblast                      Earth                        1
   b - Stoneskin                      Transmutation/Earth          2
   c - Passwall                       Transmutation/Earth          3
   d - Stone Arrow                    Conjuration/Earth            3
   e - Petrify                        Transmutation/Earth          4
   f - Lee's Rapid Deconstruction     Earth                        5
Comestibles
 f - 6 bread rations
 j - 2 meat rations
 n - a royal jelly


   Skills:
 - Level 2.1 Dodging
 - Level 2.4 Stealth
 - Level 1.7 Spellcasting
   Level 0.8 Transmutations
 + Level 7.5 Earth Magic


You had 6 spell levels left.
You knew the following spells:

 Your Spells              Type           Power        Failure   Level  Hunger
a - Sandblast             Erth           ####..       1%          1    ##.....


Dungeon Overview and Level Annotations

Branches:
Dungeon (4/15)             Temple (1/1) D:4

Altars:
Cheibriados
Dithmenos
Elyvilon
Fedhas
Gozag
Makhleb
Nemelex Xobeh
Sif Muna
Vehumet
Yredelemnul


Innate Abilities, Weirdness & Mutations

You are resistant to damage.
You can recharge devices by infusing magical energy.
You passively map a small area around you.
You do not heal naturally.


Message History

Found a stone staircase leading down.
b - 60 stones (gained 11)
There is a stone staircase leading down here.
You are no longer poisoned.
All of the chunks of flesh in your inventory have rotted away.
Magic restored.
You are feeling very hungry.
Found a staircase to the Ecumenical Temple.
No target in view!
Found a mace.
There is a staircase to the Ecumenical Temple here.
You climb downwards.
Welcome to the Ecumenical Temple!
Found four altars.
There is a staircase back to the Dungeon here.
Found a radiant altar of Vehumet and a basalt altar of Yredelemnul.
Found a sparkling altar of Nemelex Xobeh.
There is a burning altar of Makhleb here.
Found a deep blue altar of Sif Muna.
There is a burning altar of Makhleb here.
Are you sure you want to abandon this character and quit the game? (Confirm with "yes".)

#############
###...........###*
........<........
,.................
.._..........._..
.................
........@.........
..................
._..........._...
, ................
,......._........
, ...............
..........._.
........... , , ,
, ,..._..... ,


There were no monsters in sight!

Vanquished Creatures
  A worker ant (D:4)
  Ijyb (D:3)
  Terence (D:3)
  3 adders (D:2)
  A worm (D:3)
  A giant mite (D:2)
  4 giant geckos
  An orc (D:3)
  2 bats (D:3)
  4 goblins
  7 hobgoblins
  4 jackals (D:3)
  3 quokkas (D:3)
  2 giant newts
  4 kobolds
  5 rats
44 creatures vanquished.

Vanquished Creatures (others)
  A giant gecko (D:2)
1 creature vanquished.

Grand Total: 45 creatures vanquished

Notes
Turn   | Place    | Note
--------------------------------------------------------------
     0 | D:1      | carl, the Deep Dwarf Earth Elementalist, began the quest for the Orb.
     0 | D:1      | Reached XP level 1. HP: 15/15 MP: 2/2
   125 | D:1      | Reached XP level 2. HP: 17/22 MP: 1/3
   216 | D:1      | Reached skill level 5 in Earth Magic
   976 | D:2      | Found a white marble altar of Elyvilon.
  1012 | D:2      | Reached XP level 3. HP: 3/28 MP: 1/5
  1609 | D:2      | Reached skill level 6 in Earth Magic
  1751 | D:3      | Noticed Terence
  1757 | D:2      | HP: 1/28 [adder (1)]
  1878 | D:3      | Noticed Ijyb
  1924 | D:3      | Killed Ijyb
  1924 | D:3      | Reached XP level 4. HP: 25/36 MP: 2/6
  2130 | D:3      | Killed Terence
  2262 | D:3      | Reached skill level 7 in Earth Magic
  2307 | D:3      | Found a blossoming altar of Fedhas.
  2648 | D:4      | Reached XP level 5. HP: 33/42 MP: 2/7
  2742 | D:4      | Found a staircase to the Ecumenical Temple.
  2750 | Temple   | Entered the Ecumenical Temple
  2757 | Temple   | Quit the game

Action                   |  1- 3 |  4- 6 || total
-------------------------+-------+-------++-------
Melee: Unarmed           |     9 |       ||     9
       Hand axe          |    58 |    96 ||   154
 Cast: Sandblast         |    35 |    19 ||    54
Evoke: Wand              |     1 |     1 ||     2
  Use: Scroll            |     2 |     2 ||     4
       Potion            |     2 |     2 ||     4
 Stab: Invisible         |       |     3 ||     3
  Eat: Chunk             |     2 |     3 ||     5
       Beef jerky        |     1 |       ||     1
